 Dungeon Crawl Stone Soup version 0.23.0 (webtiles) character file.

Game seed: 8439697982587338506

1757 classiccola123 the Quickloader (level 8, 0/68 HPs)
             Began as a Centaur Hunter on Feb 16, 2019.
             Was a Follower of Dithmenos.
             Succumbed to a killer bee's poison
             ... on level 6 of the Dungeon.
             The game lasted 00:40:55 (6381 turns).

classiccola123 the Quickloader (Centaur Hunter)     Turns: 6381, Time: 00:40:55

Health: 0/68       AC:  6    Str: 15    XL:     8   Next: 79%
Magic:  8/8        EV: 10    Int: 10    God:    Dithmenos [*.....]
Gold:   182        SH:  0    Dex: 12    Spells: 7/7 levels left

rFire    . . .     SeeInvis .   p - +2 short sword (elec)
rCold    . . .     Gourm    .   (no shield)
rNeg     . . .     Faith    .   r - +0 leather armour
rPois    .         Spirit   .   q - +1 helmet
rElec    .         Reflect  .   (no cloak)
rCorr    .         Harm     .   (no gloves)
MR       .....                  (no barding)
Stlth    +.........             (no amulet)
HPRegen  0.21/turn              (no ring)
MPRegen  0.11/turn              (no ring)

@: lethally poisoned (0 -> -9), very slightly contaminated, wreathed by umbra,
invisible, very quick
A: large, hooves 3, deformed body, speed 2, tough skin 3
a: Renounce Religion


You were on level 6 of the Dungeon.
You worshipped Dithmenos.
Dithmenos was aware of your devotion.
You were full.

You visited 1 branch of the dungeon, and saw 7 of its levels.

You collected 182 gold pieces.

Inventory:

Hand Weapons
 a - a +1 hand crossbow
 l - a +0 short sword of speed
 o - a +1 short sword of protection
 p - a +2 short sword of electrocution (weapon)
Missiles
 d - 89 bolts
Armour
 q - a +1 helmet (worn)
 r - a +0 leather armour (worn)
Wands
 m - a wand of digging (5)
Scrolls
 b - 4 scrolls of remove curse
 e - a scroll of identify
 h - 2 scrolls of fog
Potions
 i - 3 potions of haste
Comestibles
 f - 10 rations


   Skills:
 * Level 5.2 Fighting
 + Level 2.4(2.5) Short Blades
   Level 0.8(1.7) Long Blades
 * Level 9.8 Crossbows
 + Level 2.7 Armour
 * Level 2.9 Dodging
 + Level 0.8 Stealth


You had 7 spell levels left.
You didn't know any spells.
Your spell library contained the following spells:

 Spells                   Type           Power        Failure   Level  Hunger
 Animate Skeleton         Necr           N/A          43%         1    ##.....
 Apportation              Tloc           #.....       43%         1    ##.....
 Confusing Touch          Hex            #.....       43%         1    ##.....
 Summon Small Mammal      Summ           #...         43%         1    ##.....


Dungeon Overview and Level Annotations

Branches:
Dungeon (7/15)
 Temple: D:4-7

Altars:
Dithmenos
Ru

Annotations:
D:6 1 runed translucent door, Crazy Yiuf


Innate Abilities, Weirdness & Mutations

You have hooves in place of feet.
Armour fits poorly on your strangely shaped body.
You cover ground very quickly.
You have extremely tough skin. (AC +3)


Message History

Dithmenos accepts your kill.
* * * LOW HITPOINT WARNING * * *
You feel sick.
It was a potion of invisibility.
You fade into invisibility!
* * * LOW HITPOINT WARNING * * *
You feel sick.
You are very lightly contaminated with residual magic.
As you read the scroll labeled HUCRY DINUUM, it crumbles to dust.
You hear a lullaby played backwards.
It was a scroll of random uselessness.
* * * LOW HITPOINT WARNING * * *
You feel sick.
There is a lethal amount of poison in your body!
There is a lethal amount of poison in your body!
Okay, then.
Quiver which item? (- for none, * to show all) (? for menu, Esc to quit)
Okay, then.
You don't know any spells.
You die...

.#
#.#.#<#...#..#+#.....#
.#
#.#.###........##...##
.#
#.#.#....#....[.#...##
.#
#.#.#.##.#...........#
.# #.#.#.
#.............####
.########'#
#.#####.............#
.).......
................##..
######..)
#######.[........##..
....#
#...@...>......#####.
###.# #.######+#'#####
#.. ....# #.#........#
♣.. #######
#.#........# ♣♣.
......# #.####.....#
♣♣ #####.. #.#
#..#+#.# ♣ #
#.###......# ♣ #
#......####### ♣♣ #
####.........# ♣.


There were no monsters in sight!

Vanquished Creatures
  Prince Ribbit (D:6)
  Duvessa (D:6)
  An ice beast (D:6)
  A black bear (D:6)
  2 ogres
  2 bullfrogs
  Dowan (D:6)
  2 scorpions (D:6)
  A killer bee (D:6)
  3 howler monkeys
  3 hounds
  2 orc wizards
  3 orc priests
  An iguana (D:4)
  3 bullfrog skeletons
  Natasha (D:2)
  5 worker ants
  A hound zombie (D:6)
  6 adders
  An ooze (D:1)
  7 leopard geckos
  17 orcs
  7 bats
  5 giant cockroaches
  7 goblins
  9 hobgoblins
  4 jackals
  A quokka (D:6)
  2 ball pythons
  2 frilled lizards
  10 kobolds
  A leopard gecko zombie (D:6)
  11 rats
124 creatures vanquished.

Notes
Turn   | Place    | Note
-------+----------+-------------------------------------------
     0 | D:1      | classiccola123 the Centaur Hunter began the quest for the
                  | Orb.
     0 | D:1      | Reached XP level 1. HP: 17/17 MP: 1/1
   133 | D:1      | Reached XP level 2. HP: 22/24 MP: 2/2
   353 | D:1      | Reached skill level 5 in Crossbows
   390 | D:1      | Reached XP level 3. HP: 17/30 MP: 3/3
   894 | D:2      | Found a sacrificial altar of Ru.
  1001 | D:2      | Noticed Natasha
  1005 | D:2      | Killed Natasha
  1005 | D:2      | Reached skill level 1 in Short Blades
  1028 | D:2      | Found a faded altar of an unknown god.
  1436 | D:2      | Reached XP level 4. HP: 37/37 MP: 4/4
  2488 | D:4      | Reached skill level 1 in Armour
  2488 | D:4      | Reached XP level 5. HP: 42/42 MP: 5/5
  2498 | D:4      | Reached skill level 6 in Crossbows
  2772 | D:4      | Noticed an ogre
  2819 | D:4      | Killed an ogre
  2819 | D:4      | Reached XP level 6. HP: 50/50 MP: 6/6
  3545 | D:4      | Noticed a hungry ghost
  3576 | D:5      | Entered Level 5 of the Dungeon
  3772 | D:5      | Found a shadowy altar of Dithmenos.
  3819 | D:5      | Reached skill level 7 in Crossbows
  3819 | D:5      | Reached XP level 7. HP: 57/57 MP: 7/7
  3895 | D:5      | Became a worshipper of Dithmenos the Shadowed
  4588 | D:6      | Noticed Prince Ribbit
  4591 | D:6      | Reached skill level 8 in Crossbows
  4769 | D:6      | Found a runed translucent door.
  4770 | D:6      | Noticed Crazy Yiuf
  4816 | D:6      | Noticed Duvessa
  4816 | D:6      | Noticed Dowan
  4915 | D:6      | Killed Duvessa
  4915 | D:6      | Reached XP level 8. HP: 52/66 MP: 8/8
  5203 | D:6      | Killed Dowan
  5631 | D:6      | Reached * piety under Dithmenos
  5631 | D:6      | Reached skill level 9 in Crossbows
  5981 | D:6      | Killed Prince Ribbit
  6337 | D:7      | Noticed a skeletal warrior
  6369 | D:6      | Reached skill level 5 in Fighting
  6378 | D:6      | HP: 2/68 [poisoned by a killer bee]
  6381 | D:6      | Succumbed to a killer bee's poison

Skill      XL: |  1  2  3  4  5  6  7  8 |
---------------+-------------------------+-----
Crossbows      | 5 6 7 8 9 |  9.8
Short Blades   | 1 2 |  2.4
Armour         | 1 2 |  2.7
Dodging        | 2 |  2.9
Fighting       | 3 4 5 |  5.2
Long Blades    | |  0.8
Stealth        | |  0.8

Action                   |  1- 3 |  4- 6 |  7- 9 || total
-------------------------+-------+-------+-------++-------
Melee: Short sword       |    29 |    76 |    95 ||   200
       Kick              |    12 |    18 |    19 ||    49
       Long sword        |    14 |    25 |       ||    39
 Fire: Hand crossbow     |    47 |    69 |   115 ||   231
  Use: Scroll            |       |     4 |     5 ||     9
       Potion            |       |     3 |     5 ||     8
  Eat: Ration            |       |     2 |     3 ||     5
Armor: Leather armour    |    17 |    36 |    32 ||    85
Dodge: Dodged            |    14 |    60 |    64 ||   138
       Rpst.: Long sword |     2 |     3 |       ||     5
